Map: 2000 Atmospheres LE

Players

A.I. 1 (Very Easy)

  • Race: Protoss Protoss

DreadPirate - Winner!

  • Race: Protoss Protoss

VOD

Have the link to the VOD?

Description

Time

  • Played on: Jan. 31, 2022, 5:01 p.m.
  • Length: 12:20
Show
View Real Time Build Order
Export as new Build Order

A.I. 1 (Very Easy) Protoss 

Build Orders:  

Get SALT Encoding   

  12  0:00  Probe  
  13  0:13  Probe  
  14  0:19  Pylon  
  14  0:36  Assimilator  
  14  0:42  Gateway  
  14  0:45  Pylon  
  14  1:15  Assimilator  
  14  1:16  Probe  
  14  1:24  Probe  
  15  1:31  Cybernetics Core  
  15  1:32  Probe  
  17  1:42  Probe  
  18  1:54  Probe  
  18  1:57  Warp Gate  
  19  2:03  Probe  
  20  2:09  Stalker  
  22  5:34  Zealot  
  24  5:36  Probe  
  24  5:37  Pylon  
  24  5:38  Robotics Facility  
  25  5:44  Probe  
  26  5:52  Probe  
  27  6:02  Probe  
  27  6:10  Pylon  
  26  6:12  Probe  
  27  6:20  Probe  
  28  6:26  Observer  
  28  6:31  Zealot  
  31  6:48  Observer  
  32  6:59  Nexus  
  32  7:28  Stalker  
  34  8:10  Probe  
  35  8:18  Probe  
  36  8:20  Assimilator  
  36  8:22  Probe, Assimilator  
  37  8:29  Probe  
  38  8:41  Probe  
  40  8:48  Probe  
  41  8:55  Probe  
  41  9:02  Probe  
  42  9:10  Probe  
  42  9:13  Probe  
  44  9:24  Probe  
  44  9:27  Probe  
  46  9:38  Probe  
  46  9:42  Probe  
  47  9:51  Zealot  
  41  10:07  Probe  
  41  10:12  Probe  
  39  10:20  Stalker  
  33  10:22  Probe  
  32  10:29  Pylon  
  32  10:34  Probe  
  25  10:46  Probe  
  25  10:48  Immortal  
  30  10:52  Pylon  
  30  10:58  Probe  
  31  11:10  Probe  
  29  11:22  Probe  
  29  11:24  Observer  
  27  11:26  Pylon  
  27  11:27  Robotics Bay  
  27  11:30  Cybernetics Core  
  23  11:34  Probe  
  23  11:39  Warp Prism  
  15  11:44  Gateway  
  10  12:03  Pylon  
Show
View Real Time Build Order
Export as new Build Order

DreadPirate Protoss - Winner!

Build Orders:  

Get SALT Encoding   

  12  0:02  Probe  
  13  0:18  Pylon  
  13  0:26  Probe (Chrono Boost)  
  14  0:38  Probe (Chrono Boost)  
  14  0:42  Gateway  
  15  0:44  Probe  
  16  0:52  Assimilator  
  16  0:57  Probe, Assimilator  
  17  1:09  Probe  
  17  1:10  Gateway  
  18  1:21  Probe  
  19  1:29  Cybernetics Core  
  19  1:33  Probe  
  19  1:35  Pylon  
  20  1:45  Probe  
  21  1:50  Assimilator  
  21  1:57  Probe  
  22  2:03  Gateway  
  22  2:07  Sentry  
  24  2:11  Sentry  
  24  2:15  Probe  
  27  2:27  Probe  
  28  2:34  Assimilator  
  28  2:40  Probe  
  28  2:44  Sentry  
  31  2:50  Pylon  
  31  2:56  Pylon  
  31  3:08  Sentry x2, Probe  
  36  3:15  Gateway  
  36  3:18  Gateway  
  36  3:20  Probe  
  37  3:27  Sentry  
  37  3:32  Probe  
  37  3:33  Warp Gate  
  40  3:38  Sentry  
  42  3:45  Probe  
  43  3:50  Sentry  
  45  3:59  Probe  
  46  4:12  Probe  
  47  4:17  Pylon  
  47  4:19  Pylon  
  47  4:21  Pylon  
  47  4:28  Shield Battery  
  47  4:31  Shield Battery  
  47  4:35  Probe  
  47  4:36  Sentry  
  47  4:37  Sentry  
  52  4:39  Sentry  
  54  4:46  Sentry  
  54  4:48  Probe  
  57  4:56  Pylon  
  57  5:00  Probe  
  57  5:03  Sentry  
  60  5:24  Pylon  
  60  5:27  Pylon  
  60  5:32  Probe  
  61  5:37  Sentry x2  
  61  5:38  Sentry  
  67  5:44  Probe  
  68  5:50  Sentry  
  70  6:00  Probe  
  71  6:09  Nexus  
  71  6:12  Probe  
  72  6:23  Sentry x2  
  72  6:24  Sentry, Probe  
  79  6:36  Probe  
  80  6:51  Shield Battery  
  80  6:56  Probe  
  80  6:59  Sentry  
  80  7:00  Sentry x2  
  87  7:18  Probe  
  88  7:30  Probe  
  88  7:32  Assimilator  
  89  7:43  Assimilator  
  89  7:47  Sentry x3  
  89  7:48  Sentry x2  
  99  8:09  Probe  
  100  8:14  Probe  
  100  8:16  Sentry x3  
  107  8:30  Probe  
  108  8:34  Sentry  
  110  8:59  Pylon  
  110  9:01  Pylon  
  110  9:02  Pylon  
  110  9:08  Forge  
  110  9:17  Probe  
  111  9:29  Probe  
  112  10:04  Disruptor  
  112  10:27  Phoenix  
  112  10:31  Phoenix  
  112  10:41  Oracle  
  112  11:30  Phoenix  
Tags
 
Add a new tag
Caveats
  • Supply blocks, unpowered buildings, or Contaminate may cause inaccurate times.
  • Supply counts are checked every 10 seconds.